 Dungeon Crawl Stone Soup version 0.21.1-1-g345015fe64 (console) character file.

82340 ysobel the Peltast (level 15, -3/134 HPs)
             Began as a Minotaur Fighter on Feb 22, 2018.
             Was an Initiate of Gozag.
             Splashed by an acid blob's acid (7 damage)
             ... on level 5 of the Lair of Beasts.
             The game lasted 02:13:04 (30292 turns).

ysobel the Peltast (Minotaur Fighter)              Turns: 30292, Time: 02:13:05

Health: -3/134     AC: 28    Str: 25    XL:     15   Next: 29%
Magic:  0/14       EV: 11    Int:  8    God:    Gozag
Gold:   3564       SH: 16    Dex: 12    Spells: 13/14 levels left

rFire    . . .     SeeInvis .   S - +8 quick blade {flame, *Slow +Rage rPois}
rCold    . . .     Gourm    .   c - +1 shield
rNeg     . . .     Faith    .   s - +15 Maxwell's patent armour {-Cast -Tele rElec MR+ rCorr}
rPois    +         Spirit   +   (helmet restricted)
rElec    +         Reflect  .   K - scarf {Spirit}
rCorr    +         Harm     +   D - +2 pair of gloves "Boor" {Stlth+}
MR       ++...     NoTele   +   n - +1 pair of boots Stlth ..........NoCast +
                                j - amulet of harm
HPRegen  0.32/turn              w - +2 ring of protection
MPRegen  0.14/turn              N - +3 ring of strength

@: corroded, hasted, studying Maces & Flails, drained, very quick
A: retaliatory headbutt, horns 2, talons 1, slimy green scales 1, blurry vision
1
a: Potion Petition, Call Merchant, Bribe Branch, Renounce Religion, Evoke
Berserk Rage


You were on level 5 of the Lair of Beasts.
You worshipped Gozag.
Gozag was most pleased with you.
You were hungry.

You visited 6 branches of the dungeon, and saw 25 of its levels.
You also visited: Ossuary and Ice Cave.

You collected 5193 gold pieces.
You spent 1431 gold pieces at shops.
You paid 198 gold pieces to Gozag.

Inventory:

Hand Weapons
 o - a +0 hunting sling
 t - a +2 mace of protection
 u - a +4 hand axe
 S - the +8 quick blade "Saleqoacwum" (weapon) {flame, *Slow +Rage rPois}
   (You took it off a naga warrior on level 1 of the Snake Pit)

   It has been specially enchanted to burn those struck by it, causing extra
   injury to most foes and up to half again as much damage against particularly
   susceptible opponents.
   It protects you from poison.
   It lets you go berserk.
   It may slow you when you take damage.
Missiles
 g - 188 stones (quivered)
 h - 224 sling bullets
Armour
 c - a +1 shield (worn)
 d - the +1 ring mail of Melancholy {rElec rPois MR- Dex+7}
   (You bought it in a shop on level 11 of the Dungeon)

   It affects your dexterity (+7).
   It insulates you from electricity.
   It protects you from poison.
   It affects your resistance to hostile enchantments.
 n - a +1 pair of boots (worn)
 q - a +1 cloak
 s - the +15 Maxwell's patent armour (worn) {-Cast -Tele rElec MR+ rCorr}
   (You found it on level 1 of the Swamp)

   It insulates you from electricity.
   It affects your resistance to hostile enchantments.
   It prevents spellcasting.
   It prevents most forms of teleportation.
   It protects you from acid and corrosion.
 D - the +2 pair of gloves "Boor" (worn) {Stlth+}
   (You bought it in a shop on level 11 of the Dungeon)

   It makes you more stealthy.
 K - a scarf of spirit shield (worn)
Magical Staves
 T - an uncursed staff of summoning
Jewellery
 j - an amulet of harm (around neck)
 p - a +3 amulet of reflection
 w - a +2 ring of protection (left hand)
 I - an uncursed ring of positive energy
 N - a +3 ring of strength (right hand)
 R - a cursed +3 ring of dexterity
 Z - an uncursed ring of magical power
Wands
 b - a wand of clouds (7)
 i - a wand of random effects (24)
 r - a wand of disintegration (21)
 C - a wand of scattershot (6)
 E - a wand of iceblast (10)
 P - a wand of flame (15)
Scrolls
 e - 9 scrolls of identify
 k - 7 scrolls of teleportation
 l - 5 scrolls of remove curse
 m - 2 scrolls of enchant armour
 x - a scroll of fog
 y - 4 scrolls of enchant weapon
 J - a scroll of acquirement
 Q - a scroll of amnesia
 V - a scroll of fear
 W - 3 scrolls of magic mapping
Potions
 a - 2 potions of ambrosia
 v - 2 potions of agility
 z - 2 potions of flight
 B - a potion of resistance
 F - a potion of haste
 G - 7 potions of curing
 H - a potion of magic
 O - a potion of might
 U - 4 potions of brilliance
Books
 A - a book of Misfortune

   Spells                             Type                      Level
   a - Confusing Touch                Hexes                        1
   b - Confuse                        Hexes                        3
   c - Gell's Gravitas                Translocation                3
   d - Petrify                        Transmutation/Earth          4
   e - Metabolic Englaciation         Hexes/Ice                    5
   f - Yara's Violent Unravelling     Hexes/Transmutation          5
 L - a book of Summonings

   Spells                             Type                      Level
   a - Recall                         Summoning/Translocation      3
   b - Aura of Abjuration             Summoning                    5
   c - Summon Demon                   Summoning                    5
   d - Summon Forest                  Summoning/Translocation      5
   e - Summon Mana Viper              Hexes/Summoning              5
   f - Shadow Creatures               Summoning                    6
 M - a book of Conjurations

   Spells                             Type                      Level
   a - Magic Dart                     Conjuration                  1
   b - Searing Ray                    Conjuration                  2
   c - Dazzling Spray                 Conjuration/Hexes            3
   d - Fulminant Prism                Conjuration/Hexes            4
   e - Force Lance                    Conjuration/Translocation    4
   f - Iskenderun's Mystic Blast      Conjuration                  4
 X - a manual of Maces & Flails
Miscellaneous
 Y - a crystal ball of energy
Comestibles
 f - 23 rations


   Skills:
 + Level 12.8(11.8) Fighting
 + Level 7.8(7.0) Short Blades
 + Level 15.3(14.3) Axes
 + Level 3.2(2.5) Throwing
 + Level 12.6(11.6) Armour
 + Level 9.1(8.2) Dodging
 + Level 4.2(3.4) Stealth
 + Level 17.2(16.1) Shields
 + Level 1.0(0.3) Evocations


You had 13 spell levels left.
You knew the following spells:

 Your Spells              Type           Power        Failure   Level  Hunger
a - Magic Dart            Conj           #...         99%         1    ##.....


Dungeon Overview and Level Annotations

Branches:
Dungeon (12/15)            Temple (1/1) D:7            Lair (5/6) D:11
  Swamp (4/4) Lair:3        Snake (2/4) Lair:2        Slime (1/5) Lair:5
    Orc (0/2) D:11

Altars:
Ashenzari
Cheibriados
Dithmenos
Elyvilon
Fedhas
Gozag
Hepliaklqana
Kikubaaqudgha
Makhleb
Nemelex Xobeh
Okawaru
Qazlal
Ru
Sif Muna
Trog
Uskayaw
Vehumet
Wu Jian
Xom
Yredelemnul
Zin
The Shining One

Shops:
D:5 =   D:6 !   D:9 =   D:11 [

Portals:
Trove: D:10 (give 4 potions of resistance)

Annotations:
D:8 Prince Ribbit
Lair:4 Josephine


Innate Abilities, Weirdness & Mutations

You reflexively headbutt those who attack you in melee.
You have a pair of horns on your head.
You have sharp toenails.
You are partially covered in slimy green scales. (AC +2)
Scrolls take you a little longer to read.


Message History

You feel better. The acid blob spits acid at you. The splash of acid hits you!
You are splashed with acid!
The acid burns!
You resist.
* * * LOW HITPOINT WARNING * * *
You cannot teleport because you are wearing the +15 Maxwell's patent armour {-Cast -Tele rElec MR+ rCorr}.
Okay, then.
You feel yourself speed up.
The acid blob hits you but does no damage. x2
The acid blob spits acid at you. The splash of acid hits you!
The acid corrodes you!
You are splashed with acid!
The acid burns!
You resist.
* * * LOW HITPOINT WARNING * * *
The acid blob spits acid at you. The splash of acid hits you! You resist.
* * * LOW HITPOINT WARNING * * *
The acid corrodes you!
You are splashed with acid!
The acid burns!
You resist.
* * * LOW HITPOINT WARNING * * *
The acid blob spits acid at you. The splash of acid hits you!
You are splashed with acid!
The acid burns!
You resist.
You die...
Your body crumbles into a pile of gold.

.##.............+#.#
##......>.....##...##
##...................
#...................##
##...................
.#..)..)'..J........#
..P...##......##...# # .
......#.P....J####.#.#.#
......................#
......................#.
................@.......
<....................#..
......^}......P.##...+
#.............### #.##
.#P..##.......# .#
.#....#.....|## .
.............# .
##...........# ##
###..........##
.##P.##........
##...P##......##


You could see 2 acid blobs.

Vanquished Creatures
  Gastronok (D:8)
  A thorn hunter (Swamp:3)
  Agnes (Snake:1)
  Nessos (Lair:5)
  5 naga warriors
  6 hydras
  Erica (D:8)
  6 anacondas
  5 alligators
  5 two-headed ogres
  A shock serpent (Snake:1)
  4 naga sharpshooters (Snake:1)
  Nergalle (Lair:4)
  A spriggan druid (Swamp:2)
  5 naga ritualists
  3 swamp dragons
  2 shambling mangroves (Swamp:2)
  6 mana vipers (Snake:1)
  A necromancer (Swamp:1)
  An ugly thing (D:11)
  2 oklob plants (Lair:5)
  Maurice (D:8)
  A salamander (Snake:1)
  20 black mambas
  A guardian serpent (Snake:1)
  2 naga magi (Snake:1)
  13 spiny frogs
  3 komodo dragons
  A swamp worm zombie (Swamp:1)
  3 rime drakes
  3 ice devils (IceCv)
  A polar bear (Lair:2)
  3 trolls
  6 hornets
  A queen bee (Lair:3)
  15 slime creatures
  4 tyrant leeches
  6 blink frogs
  3 bog bodies
  9 hippogriffs
  2 spriggans
  A vampire (D:10)
  2 shadows (Swamp:2)
  A tyrant leech zombie (Swamp:1)
  6 wyverns
  The ghost of Unreal the Twirler, an amateur MiGl (D:4)
  6 yaks
  A hungry ghost (D:9)
  11 vampire mosquitoes
  2 basilisks
  3 steam dragons
  Menkaure (D:7)
  Edmund (D:4)
  17 nagas
  19 swamp worms
  10 insubstantial wisps (Swamp:1)
  9 water moccasins
  Duvessa (D:7)
  7 porcupines
  2 ice beasts
  6 swamp drakes
  2 orc warriors
  4 black bears
  3 necrophages
  4 ogres
  7 sky beasts
  8 wolves
  An alligator simulacrum (Swamp:1)
  The ghost of DildoBatman the Sneak, an amateur FoEn (D:3)
  10 centaurs
  An eye of draining (D:11)
  3 phantoms
  5 crocodiles
  Blork the orc (D:4)
  15 bullfrogs
  A gnoll sergeant (D:10)
  A wyvern skeleton (D:10)
  6 scorpions
  Dowan (D:7)
  25 killer bees (Lair:3)
  A wight (D:8)
  2 howler monkeys
  7 electric eels
  2 bullfrog zombies
  6 crimson imps
  A centaur zombie (D:10)
  2 quasits
  10 hounds
  Crazy Yiuf (D:3)
  5 orc priests
  3 iron imps (D:8)
  2 jellies
  2 bullfrog skeletons
  10 orc wizards
  A centaur skeleton (D:4)
  2 iguanas
  Natasha (thrice) (D:2)
  6 worker ants
  A crocodile zombie (Swamp:1)
  3 hound skeletons
  8 mummies (Ossuary)
  2 worker ant zombies (D:11)
  Robin (D:3)
  7 gnolls
  14 adders
  A shadow imp (D:5)
  An adder zombie (D:8)
  4 leopard geckos
  39 orcs
  5 giant cockroaches
  18 goblins
  8 hobgoblins
  6 jackals
  10 kobolds
  7 quokkas
  A ball python (D:5)
  7 bats
  7 frilled lizards
  3 gnoll zombies (Ossuary)
  A hobgoblin zombie (Ossuary)
  A kobold zombie (Ossuary)
  A leopard gecko zombie (D:6)
  3 orc zombies (Ossuary)
  3 rats
  4 fungi
  2 plants
597 creatures vanquished.

Vanquished Creatures (others)
  A tyrant leech (Swamp:1)
  An insubstantial wisp (Swamp:1)
  A killer bee (Lair:3)
  An orc wizard (D:8)
  A giant cockroach (D:1)
  2 fungi (Lair:4)
  4 plants
11 creatures vanquished.

Grand Total: 608 creatures vanquished

Notes
Turn   | Place    | Note
-------+----------+-------------------------------------------
     0 | D:1      | ysobel the Minotaur Fighter began the quest for the Orb.
     0 | D:1      | Reached XP level 1. HP: 19/19 MP: 0/0
   164 | D:1      | Reached XP level 2. HP: 24/27 MP: 1/1
   410 | D:1      | Reached skill level 4 in Shields
   905 | D:2      | Reached XP level 3. HP: 28/33 MP: 2/2
   920 | D:2      | Noticed Natasha
   926 | D:2      | Killed Natasha
   944 | D:2      | Noticed Natasha
   952 | D:2      | Killed Natasha
   952 | D:2      | Reached skill level 1 in Dodging
   952 | D:2      | Reached XP level 4. HP: 11/40 MP: 3/3
   953 | D:2      | Noticed Natasha
   959 | D:2      | Killed Natasha
  1693 | D:3      | Reached skill level 1 in Throwing
  1775 | D:3      | Reached XP level 5. HP: 46/46 MP: 4/4
  2156 | D:3      | Found a runed door.
  2160 | D:3      | Noticed Crazy Yiuf
  2171 | D:3      | Killed Crazy Yiuf
  2416 | D:3      | Noticed Robin
  2437 | D:3      | Reached XP level 6. HP: 44/52 MP: 5/5
  2442 | D:3      | Killed Robin
  2545 | D:3      | Noticed DildoBatman's ghost (amateur FoEn)
  2561 | D:3      | Killed DildoBatman's ghost
  2577 | D:3      | Reached skill level 5 in Armour
  3305 | D:4      | Noticed Unreal's ghost (amateur MiGl)
  3309 | D:4      | Reached skill level 5 in Axes
  3314 | D:4      | Reached XP level 7. HP: 55/60 MP: 6/6
  3334 | D:4      | Killed Unreal's ghost
  3334 | D:4      | Reached skill level 5 in Shields
  3690 | D:4      | Gained mutation: Scrolls take you a little longer to read. [potion of mutation]
  3690 | D:4      | Gained mutation: You have sharp toenails. [potion of mutation]
  3690 | D:4      | Gained mutation: You are partially covered in slimy green scales. (AC +2) [potion of mutation]
  3716 | D:4      | Noticed Blork the orc
  3729 | D:4      | Killed Blork the orc
  3969 | D:4      | Noticed Edmund
  3982 | D:4      | Killed Edmund
  4434 | D:3      | Reached XP level 8. HP: 9/67 MP: 7/7
  4823 | D:4      | Reached skill level 5 in Fighting
  4980 | D:4      | Found a shattered altar of Ashenzari.
  5314 | D:5      | Entered Level 5 of the Dungeon
  5542 | D:5      | Reached skill level 6 in Shields
  5648 | D:5      | Found Fosm's Jewellery Emporium.
  5672 | D:5      | Found a sand-covered staircase.
  5685 | Ossuary  | Entered an ossuary
  6765 | D:6      | Reached XP level 9. HP: 74/74 MP: 8/8
  6872 | D:6      | Got a brightly glowing shield
  6884 | D:6      | Identified the cursed -2 shield of Raepn {MP+9} (You found it on level 6 of the Dungeon)
  7190 | D:6      | Found a sacrificial altar of Ru.
  7378 | D:6      | Found Xuhupeos's Distillery.
  7381 | D:6      | Bought a potion of heal wounds for 50 gold pieces
  7381 | D:6      | Bought a potion of ambrosia for 80 gold pieces
  7381 | D:6      | Bought 2 potions of agility for 80 gold pieces
  7628 | D:7      | Noticed Menkaure
  7634 | D:7      | Killed Menkaure
  7900 | D:7      | Noticed a two-headed ogre
  8152 | D:7      | Found a staircase to the Ecumenical Temple.
  8219 | D:7      | Killed a two-headed ogre
  8219 | D:7      | Reached skill level 1 in Stealth
  8219 | D:7      | Reached skill level 7 in Shields
  8380 | D:7      | Noticed Dowan
  8382 | D:7      | Killed Dowan
  8383 | D:7      | Noticed Duvessa
  8392 | D:7      | Killed Duvessa
  8835 | Temple   | Entered the Ecumenical Temple
  9011 | D:8      | Reached skill level 8 in Shields
  9271 | D:8      | Noticed a two-headed ogre
  9432 | D:8      | Killed a two-headed ogre
  9432 | D:8      | Reached skill level 10 in Axes
  9432 | D:8      | Reached skill level 5 in Dodging
  9432 | D:8      | Reached XP level 10. HP: 28/84 MP: 9/9
  9747 | D:8      | Noticed Maurice
  9759 | D:8      | Killed Maurice
  9759 | D:8      | Reached skill level 9 in Shields
  9802 | D:8      | Found an ancient bone altar of Kikubaaqudgha.
  9814 | D:8      | Found a shimmering altar of Xom.
  9827 | D:8      | Found a sparkling altar of Nemelex Xobeh.
  9870 | D:8      | Found a deep blue altar of Sif Muna.
 10015 | D:8      | Found a hazy altar of Hepliaklqana.
 10089 | D:8      | Noticed Prince Ribbit
 10197 | D:8      | Noticed Gastronok
 10204 | D:8      | Found a burning altar of Makhleb.
 10226 | D:8      | Killed Gastronok
 10226 | D:8      | Reached skill level 10 in Armour
 10441 | D:8      | Noticed Erica
 10455 | D:8      | Killed Erica
 10455 | D:8      | Reached XP level 11. HP: 92/92 MP: 10/10
 10475 | D:8      | Found an opulent altar of Gozag.
 10484 | D:8      | Became a worshipper of Gozag Ym Sagoz the Greedy
 10546 | D:8      | Reached skill level 10 in Shields
 10749 | D:9      | Noticed a two-headed ogre
 10758 | D:9      | Killed a two-headed ogre
 10785 | D:9      | Found Basmeru's Jewellery Emporium.
 10962 | D:9      | Found a snail-covered altar of Cheibriados.
 11256 | D:10     | Entered Level 10 of the Dungeon
 11256 | D:10     | Noticed a two-headed ogre
 11487 | D:10     | Killed a two-headed ogre
 12710 | D:10     | Found a portal to a secret trove of treasure.
 12822 | D:11     | Found Gakhlo's Armour Emporium.
 12972 | D:11     | Reached skill level 11 in Shields
 13269 | D:11     | Bought the +2 pair of gloves "Boor" {Stlth+} for 315 gold pieces
 13269 | D:11     | Bought a +0 plate armour for 299 gold pieces
 13269 | D:11     | Bought a scarf of spirit shield for 117 gold pieces
 13937 | D:11     | Found a staircase to the Orcish Mines.
 13963 | D:11     | Noticed a brown ugly thing
 13974 | D:11     | Killed a brown ugly thing
 14153 | D:11     | Found a staircase to the Lair.
 14792 | D:12     | Noticed a two-headed ogre
 14807 | D:12     | Killed a two-headed ogre
 14807 | D:12     | Reached XP level 12. HP: 89/104 MP: 8/11
 14815 | D:12     | Noticed a seven-headed hydra
 15222 | D:11     | HP: 3/104 [19-headed hydra (3)]
 15222 | D:11     | HP: 1/104 [19-headed hydra (1)]
 15224 | D:11     | Killed a 19-headed hydra
 15673 | D:11     | Bought the +1 ring mail of Melancholy {rElec rPois MR- Dex+7} for 490 gold pieces
 15784 | Lair:1   | Entered Level 1 of the Lair of Beasts
 16112 | Lair:1   | Found a frozen archway.
 16154 | IceCv    | Entered an ice cave
 16510 | Lair:1   | Reached skill level 12 in Shields
 17505 | Lair:2   | Found a staircase to the Snake Pit.
 17589 | Snake:1  | Entered Level 1 of the Snake Pit
 17756 | Snake:1  | Reached skill level 10 in Fighting
 17777 | Snake:1  | Reached skill level 13 in Shields
 17780 | Snake:1  | Noticed a naga warrior
 17800 | Snake:1  | Killed a naga warrior
 18236 | Snake:1  | Noticed Agnes
 18328 | Snake:1  | Reached XP level 13. HP: 99/114 MP: 9/12
 18755 | Snake:1  | Killed Agnes
 18762 | Snake:1  | Learned a level 1 spell: Magic Dart
 19542 | Snake:1  | Reached skill level 14 in Shields
 20372 | Snake:1  | Got a crystal quick blade {flame}
 20507 | Snake:1  | Reached skill level 15 in Axes
 21733 | Snake:2  | Reached skill level 15 in Shields
 22178 | Snake:2  | Reached XP level 14. HP: 77/125 MP: 8/13
 23914 | Lair:3   | Identified the +8 quick blade "Saleqoacwum" {flame, *Slow +Rage rPois} (You took it off a naga warrior on level 1 of the Snake Pit)
 24286 | Lair:3   | Found a staircase to the Swamp.
 24326 | Swamp:1  | Entered Level 1 of the Swamp
 24338 | Swamp:1  | Reached skill level 1 in Short Blades
 25116 | Swamp:1  | Reached skill level 16 in Shields
 25378 | Swamp:1  | Found the +15 Maxwell's patent armour {-Cast -Tele rElec MR+ rCorr}
 25723 | Swamp:2  | Reached skill level 5 in Short Blades
 27889 | Swamp:3  | Reached XP level 15. HP: 124/134 MP: 12/14
 27981 | Swamp:4  | Entered Level 4 of the Swamp
 28573 | Swamp:4  | Noticed a thorn hunter
 28766 | Swamp:3  | Killed a thorn hunter
 29339 | Lair:4   | Noticed Nergalle
 29343 | Lair:4   | Reached skill level 17 in Shields
 29359 | Lair:4   | Killed Nergalle
 29712 | Lair:4   | Noticed Josephine
 29831 | Lair:5   | Identified a scroll of acquirement
 29884 | Lair:5   | Noticed Nessos
 29923 | Lair:5   | Killed Nessos
 29923 | Lair:5   | Reached skill level 1 in Evocations
 30029 | Lair:5   | Found a staircase to the Slime Pits.
 30261 | Slime:1  | Entered Level 1 of the Pits of Slime
 30261 | Slime:1  | Noticed an acid blob
 30261 | Slime:1  | Noticed an acid blob
 30261 | Slime:1  | Noticed an acid blob
 30262 | Slime:1  | Noticed an acid blob
 30287 | Lair:5   | HP: 3/134 [acid (8)]
 30292 | Lair:5   | Splashed by an acid blob's acid

Skill      XL: |  1  2  3  4  5  6  7  8  9 10 11 12 13 14 15 |
---------------+----------------------------------------------+-----
Shields        | 4 5 6 8 9 11 13 15 16 17 | 17.2
Armour         | 4 5 6 8 9 10 11 12 | 12.6
Axes           | 3 4 5 6 8 10 11 13 14 15 | 15.3
Dodging        | 1 2 3 4 5 6 8 9 |  9.1
Fighting       | 4 5 6 7 9 10 11 12 | 12.8
Throwing       | 1 2 3 |  3.2
Stealth        | 1 2 3 4 |  4.2
Short Blades   | 6 7 |  7.8
Evocations     | 1 |  1.0

Action                   |  1- 3 |  4- 6 |  7- 9 | 10-12 | 13-15 || total
-------------------------+-------+-------+-------+-------+-------++-------
Melee: War axe           |    79 |    63 |       |       |       ||   142
       Headbutt          |     3 |    23 |    52 |   193 |   359 ||   630
       Hand axe          |       |    92 |   321 |   792 |   505 ||  1710
       Mace              |       |     5 |       |       |       ||     5
       Kick              |       |       |     4 |       |       ||     4
       Quick blade       |       |       |       |       |   892 ||   892
 Fire: Hunting sling     |       |       |       |     3 |       ||     3
Throw: Stone             |    27 |    45 |    15 |     7 |     4 ||    98
 Cast: Magic Dart        |       |       |       |       |     1 ||     1
Invok: Potion Petition   |       |       |       |     1 |       ||     1
Evoke: Wand              |       |       |     1 |     2 |     8 ||    11
  Use: Potion            |     3 |     2 |    13 |    10 |     5 ||    33
       Scroll            |     1 |     5 |    10 |     2 |    12 ||    30
 Stab: Distracted        |       |       |       |     2 |     5 ||     7
       Sleeping          |       |       |       |       |     7 ||     7
       Confused          |       |       |       |       |     1 ||     1
  Eat: Chunk             |       |     3 |     5 |     2 |       ||    10
       Ration            |       |     2 |     4 |     8 |    11 ||    25
Armor: Scale mail        |    44 |    57 |    96 |   105 |       ||   302
       Plate armour      |       |       |       |   196 |   190 ||   386
       Ring mail         |       |       |       |     9 |   112 ||   121
Dodge: Dodged            |    25 |    43 |    75 |   221 |   359 ||   723
Block: Shield            |    32 |    77 |   141 |   378 |   706 ||  1334
